 Dungeon Crawl Stone Soup version 0.18-b1-14-g029dad2 (webtiles) character file.

53154 Chiseanne the Eclecticist (level 14, -3/85 HPs)
             Began as a Demonspawn Wizard on Apr 29, 2016.
             Was an Initiate of Gozag.
             Slain by a black mamba (14 damage)
             ... on level 4 of the Lair of Beasts on Apr 30, 2016.
             The game lasted 03:05:20 (30298 turns).

Chiseanne the Eclecticist (Demonspawn Wizard)      Turns: 30298, Time: 03:05:21

Health: -3/85      AC:  9    Str:  9    XL:     14   Next: 29%
Magic:  0/45       EV: 12    Int: 25    God:    Gozag
Gold:   1258       SH:  0    Dex: 14    Spells: 11 memorised, 19 levels left

rFire  + . .     SeeInvis .     s - +9 spear (venom)
rCold  . . .     Gourm    .     U - +1 leather armour of Tucsihuq {rPois Int+3 Stlth+}
rNeg   + . .     Faith    .     (no shield)
rPois  +         Spirit   +     (helmet restricted)
rElec  +         Dismiss  .     Z - +2 cloak
rCorr  .         Reflect  .     H - +0 pair of gloves {Dex+3}
SustAt .         Harm     .     (no boots)
MR     +....                    (no amulet)
Stlth  +++.......               N - ring "Hitwoloe" {rElec rN+ MP+9 Int-2}
                                J - +1 ring of slaying

@: lethally poisoned (-3 -> -4), about to teleport, very slightly contaminated,
repel missiles, somewhat resistant to hostile enchantments, fairly stealthy
A: antennae 1, fire resistance 1, magic shield, magic regeneration, magic link,
flame cloud immunity, sturdy frame 2
a: Potion Petition, Call Merchant, Bribe Branch, Renounce Religion


You were on level 4 of the Lair of Beasts.
You worshipped Gozag.
Gozag was noncommittal.
You were full.

You visited 4 branches of the dungeon, and saw 21 of its levels.

You collected 6667 gold pieces.
You spent 3341 gold pieces at shops.
You paid 2068 gold pieces to Gozag.

Inventory:

Hand Weapons
 a - the +0 rapier "Luddateh" {pierce, rF++ Dex+5}
   (You found it on level 2 of the Lair of Beasts)

   It inflicts extra damage upon your enemies.
   It affects your dexterity (+5).
   It greatly protects you from fire.
 h - the +1 hand axe of Slow Death {flame, rF+ Dex+2}
   (You bought it in a shop on level 12 of the Dungeon)

   It has been specially enchanted to burn those struck by it, causing extra
   injury to most foes and up to half again as much damage against particularly
   susceptible opponents.
   Big, fiery blades are also staple armaments of hydra-hunters.
   It affects your dexterity (+2).
   It protects you from fire.
 i - a +2 flail of protection
 s - a +9 spear of venom (weapon)
Missiles
 o - 9 javelins (quivered)
 q - 5 steel tomahawks
 r - 5 throwing nets
 R - 7 curare-tipped needles
Armour
 v - the +2 scale mail of Ezxom {rElec}
   (You bought it in a shop on level 2 of the Orcish Mines)

   It insulates you from electricity.
 H - a +0 pair of gloves of dexterity (worn)
 U - the +1 leather armour of Tucsihuq (worn) {rPois Int+3 Stlth+}
   (You bought it in a shop on level 8 of the Dungeon)

   It affects your intelligence (+3).
   It protects you from poison.
   It makes you more stealthy.
 Z - a +2 cloak (worn)
Magical Staves
 z - an uncursed staff of wizardry
Jewellery
 y - an uncursed ring of protection from cold
 E - the ring of Divine Intervention {MP+9 Int-5 Slay+5 SInv}
   (You found it on level 4 of the Dungeon)

   [ring of see invisible]

   It affects your intelligence (-5).
   It affects your accuracy and damage with ranged weapons and melee attacks
   (+5).
   It affects your magic capacity (+9).
   It lets you see invisible.
 J - a +1 ring of slaying (left hand)
 N - the ring "Hitwoloe" (right hand) {rElec rN+ MP+9 Int-2}
   (You found it on level 7 of the Dungeon)

   [ring of positive energy]

   It affects your intelligence (-2).
   It insulates you from electricity.
   It protects you from negative energy.
   It affects your magic capacity (+9).
Wands
 b - a wand of digging (1/24)
 g - a wand of paralysis (16/24)
 F - a wand of digging (0/24)
 Q - a wand of disintegration (0/24)
Scrolls
 l - 3 scrolls of amnesia
 A - a scroll of fog
 C - 2 scrolls of teleportation
 G - 3 scrolls of magic mapping
 L - 2 scrolls of recharging
 S - 2 scrolls of immolation
 V - a scroll of silence
 W - 5 scrolls of remove curse
 X - a scroll of fear
Potions
 e - a potion of invisibility {unknown}
 j - 2 potions of berserk rage {unknown}
 k - 2 potions of might
 m - a potion of magic {unknown}
 n - a potion of ambrosia {unknown}
 p - 2 potions of cure mutation
 t - 8 potions of curing
 u - a potion of cancellation {unknown}
 w - 2 potions of haste {unknown}
 x - a potion of resistance {unknown}
 B - 3 potions of agility
 I - 3 potions of brilliance
 O - 4 potions of flight
 Y - a potion of lignification
Books
 c - a book of Minor Magic

   Spells                             Type                      Level
   a - Magic Dart                     Conjuration                  1
   b - Blink                          Translocation                2
   c - Call Imp                       Summoning                    2
   d - Repel Missiles                 Charms/Air                   2
   e - Slow                           Hexes                        2
   f - Conjure Flame                  Conjuration/Fire             3
   g - Mephitic Cloud                 Conjuration/Poison/Air       3
 D - a book of Air

   Spells                             Type                      Level
   a - Shock                          Conjuration/Air              1
   b - Swiftness                      Charms/Air                   2
   c - Repel Missiles                 Charms/Air                   2
   d - Static Discharge               Conjuration/Air              3
   e - Lightning Bolt                 Conjuration/Air              5
 P - an Akashic Record

   Spells                             Type                      Level
   a - Dispersal                      Translocation                6
   b - Malign Gateway                 Summoning/Translocation      7
   c - Disjunction                    Translocation                8
   d - Controlled Blink               Translocation                8
 T - the Reference Book on Aerial Enchantment
   (You found it on level 13 of the Dungeon)

   Spells                             Type                      Level
   a - Mephitic Cloud                 Conjuration/Poison/Air       3
   b - Dazzling Spray                 Conjuration/Hexes            3
   c - Inner Flame                    Hexes/Fire                   3
   d - Freezing Cloud                 Conjuration/Ice/Air          6
Miscellaneous
 f - a sack of spiders
Comestibles
 d - 4 bread rations
 K - 9 meat rations


   Skills:
 - Level 5.1 Armour
 - Level 1.7 Dodging
 - Level 1.7 Stealth
 - Level 18.3 Spellcasting
 - Level 10.7 Conjurations
 - Level 1.0 Summonings
 - Level 0.8 Translocations
 + Level 3.3 Ice Magic
 - Level 5.0 Air Magic


You had 19 spell levels left.
You knew the following spells:

 Your Spells              Type           Power        Failure   Level  Hunger
a - Magic Dart            Conj           ####         1%          1    None
b - Dazzling Spray        Conj/Hex       #####...     1%          3    None
c - Inner Flame           Hex/Fire       ###.....     8%          3    None
d - Mephitic Cloud        Conj/Pois/Air  #####...     1%          3    None
e - Lightning Bolt        Conj/Air       ######....   2%          5    None
f - Conjure Flame         Conj/Fire      #####...     1%          3    None
g - Blink                 Tloc           N/A          2%          2    None
h - Summon Butterflies    Summ           ####....     1%          1    None
i - Apportation           Tloc           ####......   1%          1    None
j - Repel Missiles        Chrm/Air       #####.       1%          2    None
k - Freezing Cloud        Conj/Ice/Air   ######....   28%         6    ###....


Dungeon Overview and Level Annotations

Branches:
Dungeon (14/15)            Temple (1/1) D:5            Lair (4/8) D:11
    Orc (2/2) D:12            Elf (0/3) Orc:2
  Swamp: Lair:3-6    Shoals: Lair:3-6     Snake: Lair:3-6    Spider: Lair:3-6
 Vaults: D:13-14

Altars:
Ashenzari
Cheibriados
Dithmenos
Elyvilon
Fedhas
Gozag
Kikubaaqudgha
Makhleb
Nemelex Xobeh
Okawaru
Pakellas
Qazlal
Ru
Sif Muna
Trog
Vehumet
Xom
Yredelemnul
Zin
The Shining One

Shops:
D:4 (   D:5 [   D:8 [   D:11 [   D:12 (   Orc:2 *(%:[

Portals:
Trove: D:12 (give 4 scrolls of blinking)

Annotations:
D:4 dobroeutro's ghost, novice GrFi


Innate Abilities, Weirdness & Mutations

You have a pair of small antennae on your head.
Your flesh is heat resistant.
When hurt, damage is shared between your health and your magic reserves.
You regenerate magic rapidly.
When low on magic, you restore magic in place of health.
You are immune to clouds of flame.
Your movements are less encumbered by armour (ER -4).


Message History

The black mamba barely misses you. The black mamba closely misses you.
You feel sick. The black mamba bites you!
* * * LOW HITPOINT WARNING * * *
Read which item? (? for menu, Esc to quit)
Okay, then.
Casting: Dazzling Spray
Confirm with . or Enter, or press ? or * to list all spells.
You blink.
You feel sick.
Read which item? (? for menu, Esc to quit)
As you read the scroll of teleportation, it crumbles to dust.
You feel strangely unstable. The black mamba bites you.
* * * LOW HITPOINT WARNING * * *
Casting: Blink
Confirm with . or Enter, or press ? or * to list all spells.
You miscast Blink.
You are very lightly contaminated with residual magic.
You catch a glimpse of the back of your own head.
You feel sick. The black mamba barely misses you. The black mamba bites you!
You die...
Your body crumbles into a pile of gold.

#....P##. ##.....#..
#.....#.# .... .......
.. ....##....## ...
...##P.....## ...$#
..##P.....P##.#
....######.##.§S@.......
....#..##..#............
....$...................
$.......................
........................
......#P..###...........
>$....##..###......P####
$S.........##.....###
..S.$.......#.....#


You could see a black mamba (inner flame).

Vanquished Creatures
  Rupert (D:13)
  3 orc warlords
  A stone giant (Orc:1)
  Snorg (D:13)
  An ettin (Orc:1)
  A tengu warrior (D:13)
  6 orc high priests
  Nergalle (Lair:2)
  A hill giant (D:11)
  3 unseen horrors (D:13)
  2 orc knights (Orc:1)
  6 orc sorcerers
  2 ugly things
  3 cyclopes
  Maurice (D:8)
  A black mamba (Lair:4)
  6 spiny frogs
  A kobold demonologist (D:12)
  13 trolls
  13 slime creatures
  A two-headed ogre (Orc:1)
  12 blink frogs
  Grinder (D:5)
  Sigmund (D:2)
  A basilisk (Lair:3)
  2 wyverns
  14 yaks
  A vampire (D:9)
  Grum (D:8)
  A steam dragon (D:10)
  6 hippogriffs
  Menkaure (D:6)
  A mottled dragon (D:13)
  9 wargs
  Edmund (D:5)
  2 soldier ants
  8 water moccasins
  5 porcupines
  A swamp drake (D:12)
  4 black bears
  40 orc warriors
  6 ice beasts
  2 eyes of draining
  3 sky beasts
  3 necrophages
  3 wasps
  3 phantoms
  5 centaurs
  18 ogres
  2 wolves (D:8)
  7 crocodiles
  3 big kobolds
  A gnoll sergeant (D:7)
  2 wyvern zombies
  8 giant frogs
  A water moccasin skeleton (D:7)
  4 scorpions
  36 killer bees
  4 wights (D:13)
  9 howler monkeys
  2 vampire bats (D:6)
  4 giant frog zombies
  6 crimson imps
  4 centaur zombies
  6 jellies
  A quasit (D:8)
  29 orc wizards
  16 orc priests
  8 hounds
  Crazy Yiuf (D:2)
  2 centaur skeletons
  4 giant frog skeletons
  9 iguanas
  9 worker ants
  2 hound zombies (D:6)
  A worker ant zombie (D:10)
  Robin (D:4)
  16 gnolls
  14 adders
  40 river rats
  A shadow imp (D:9)
  2 oozes
  An adder skeleton (D:4)
  2 adder zombies
  8 dart slugs
  A worm (D:2)
  8 giant geckos
  92 orcs
  10 bats
  A bat skeleton (D:6)
  4 bat zombies (D:6)
  6 giant cockroaches
  16 goblins
  3 hobgoblins
  15 jackals
  6 quokkas
  12 sheep
  A ball python (D:3)
  A ball python skeleton (D:4)
  10 giant newts
  27 kobolds
  A quokka skeleton (D:9)
  A quokka zombie (D:9)
  24 rats
  8 fungi
  2 plants (D:12)
738 creatures vanquished.

Vanquished Creatures (collateral kills)
  6 killer bees
6 creatures vanquished.

Vanquished Creatures (others)
  A queen bee (D:12)
  2 killer bees (D:12)
  An orc (Orc:2)
  A jackal (D:3)
  4 fungi (D:11)
  14 plants (D:12)
23 creatures vanquished.

Grand Total: 767 creatures vanquished

Notes
Turn   | Place    | Note
--------------------------------------------------------------
     0 | D:1      | Chiseanne the Demonspawn Wizard began the quest for the Orb.
     0 | D:1      | Reached XP level 1. HP: 13/13 MP: 4/4
   253 | D:1      | Gained mutation: When hurt, damage is shared between your health and your magic reserves. [demonic ancestry]
   253 | D:1      | Reached XP level 2. HP: 19/19 MP: 1/6
   649 | D:1      | Learned a level 2 spell: Blink
   652 | D:1      | Learned a level 2 spell: Repel Missiles
   967 | D:2      | Reached XP level 3. HP: 24/24 MP: 6/8
   987 | D:2      | Noticed Sigmund
  1002 | D:2      | HP: 1/24 [Sigmund/scythe (5)]
  1006 | D:2      | Killed Sigmund
  1006 | D:2      | Reached skill level 4 in Spellcasting
  1006 | D:2      | Gained mutation: Your flesh is heat resistant. [demonic ancestry]
  1006 | D:2      | Reached XP level 4. HP: 1/30 MP: 0/10
  1006 | D:2      | Gained mutation: You are immune to clouds of flame. [demonic ancestry]
  1006 | D:2      | Reached XP level 5. HP: 1/35 MP: 0/11
  1507 | D:2      | Learned a level 3 spell: Mephitic Cloud
  1511 | D:2      | Learned a level 3 spell: Conjure Flame
  1717 | D:2      | Found a white marble altar of Elyvilon.
  2076 | D:2      | Noticed Crazy Yiuf
  2092 | D:2      | Killed Crazy Yiuf
  2226 | D:3      | Found a shimmering altar of Xom.
  2274 | D:3      | You fall through a shaft!
  2541 | D:3      | Reached skill level 5 in Spellcasting
  2541 | D:3      | Reached XP level 6. HP: 41/41 MP: 1/13
  3564 | D:3      | Found a shadowy altar of Dithmenos.
  3564 | D:3      | Found a stormy altar of Qazlal.
  3647 | D:4      | Found Giry's Weapon Emporium.
  3917 | D:4      | Reached skill level 5 in Conjurations
  4193 | D:4      | Got a faintly glowing golden ring
  4198 | D:4      | Identified the ring of Divine Intervention {MP+9 Int-5 Slay+5 SInv} (You found it on level 4 of the Dungeon)
  4339 | D:4      | Found a snail-covered altar of Cheibriados.
  4423 | D:4      | Noticed Robin
  4500 | D:4      | Killed Robin
  4500 | D:4      | Gained mutation: You have a pair of small antennae on your head. [demonic ancestry]
  4500 | D:4      | Reached XP level 7. HP: 15/46 MP: 1/15
  5166 | D:4      | Reached skill level 6 in Spellcasting
  5175 | D:4      | Noticed dobroeutro's ghost (novice GrFi)
  5296 | D:5      | Entered Level 5 of the Dungeon
  5308 | D:5      | Noticed Grinder
  5309 | D:5      | Paralysed by Grinder for 5 turns
  5318 | D:5      | Noticed Edmund
  5335 | D:5      | Killed Edmund
  6109 | D:5      | Found Jufonimy's Armour Boutique.
  6155 | D:5      | Found a staircase to the Ecumenical Temple.
  6163 | Temple   | Entered the Ecumenical Temple
  6180 | Temple   | Became a worshipper of Gozag Ym Sagoz the Greedy
  6417 | D:5      | Gained mutation: You regenerate magic rapidly. [demonic ancestry]
  6417 | D:5      | Reached XP level 8. HP: 31/52 MP: 11/18
  6672 | D:4      | Reached skill level 7 in Spellcasting
  6759 | D:5      | Got a brightly glowing falchion
  6790 | D:5      | Identified the +8 falchion "Ystol" {holy, rN+ Dex+3 Stlth+} (You found it on level 5 of the Dungeon)
  6833 | D:5      | Killed Grinder
  6912 | D:5      | Got a blackened spear {pierce}
  6930 | D:5      | Bought a +0 pair of gloves of dexterity for 172 gold pieces
  7433 | D:6      | Noticed Menkaure
  7440 | D:6      | Killed Menkaure
  7440 | D:6      | Reached skill level 8 in Spellcasting
  7869 | D:6      | Reached XP level 9. HP: 57/57 MP: 17/21
  7924 | D:6      | Found a bloodstained altar of Trog.
  7972 | D:6      | Found an ancient bone altar of Kikubaaqudgha.
  8083 | D:6      | Identified the cursed +2 spear of Wifom {pierce, Dex+4 Stlth+} (You took it off an orc on level 5 of the Dungeon)
  8279 | D:6      | Found an iron altar of Okawaru.
  8527 | D:7      | Found a glowing silver altar of Zin.
  8675 | D:7      | Got a flickering lapis lazuli ring
  8931 | D:7      | Reached skill level 9 in Spellcasting
  9848 | D:8      | Identified the ring "Hitwoloe" {rElec rN+ MP+9 Int-2} (You found it on level 7 of the Dungeon)
  9934 | D:8      | Reached skill level 10 in Conjurations
 10024 | D:8      | Found a sparkling altar of Nemelex Xobeh.
 10024 | D:8      | Found an oddly glowing altar of Pakellas.
 10024 | D:8      | Found a radiant altar of Vehumet.
 10024 | D:8      | Found a blossoming altar of Fedhas.
 10068 | D:8      | Noticed Grum
 10078 | D:8      | Killed Grum
 10122 | D:8      | Reached XP level 10. HP: 63/63 MP: 20/23
 10132 | D:8      | Found a basalt altar of Yredelemnul.
 10171 | D:8      | Reached skill level 10 in Spellcasting
 10366 | D:8      | Upgraded the game from 0.18-b1-10-g3f7de93 to 0.18-b1-14-g029dad2
 10805 | D:8      | Bought the +1 leather armour of Tucsihuq {rPois Int+3 Stlth+} for 409 gold pieces
 10916 | D:9      | Reached skill level 1 in Armour
 11481 | D:8      | Noticed Maurice
 11494 | D:8      | Killed Maurice
 11789 | D:9      | Reached skill level 5 in Armour
 12270 | D:9      | Learned a level 5 spell: Lightning Bolt
 12534 | D:9      | Reached skill level 1 in Air Magic
 12794 | D:10     | Entered Level 10 of the Dungeon
 13250 | D:10     | Gained mutation: Your movements are slightly less encumbered by armour (ER -2). [demonic ancestry]
 13250 | D:10     | Reached XP level 11. HP: 62/68 MP: 23/25
 13984 | D:11     | Reached skill level 11 in Spellcasting
 14088 | D:11     | Noticed a hill giant
 14397 | D:11     | Learned a level 1 spell: Apportation
 14399 | D:11     | Learned a level 1 spell: Summon Butterflies
 14535 | D:11     | Killed a hill giant
 14710 | D:11     | Bought a potion of lignification for 45 gold pieces
 14710 | D:11     | Bought a potion of flight for 45 gold pieces
 14710 | D:11     | Bought a potion of might for 60 gold pieces
 14710 | D:11     | Bought a potion of curing for 45 gold pieces
 14943 | D:11     | Found Qeicer's Antique Armour Boutique.
 15153 | D:11     | Found a staircase to the Lair.
 15346 | D:12     | Reached skill level 5 in Air Magic
 15450 | D:11     | Bought a potion of curing for 45 gold pieces
 15450 | D:11     | Bought a potion of curing for 45 gold pieces
 15450 | D:11     | Bought a potion of agility for 60 gold pieces
 15689 | D:12     | Found a portal to a secret trove of treasure.
 15734 | D:12     | Reached skill level 12 in Spellcasting
 16503 | D:12     | Found a staircase to the Orcish Mines.
 17017 | D:12     | Noticed a purple ugly thing
 17039 | D:12     | Killed a purple ugly thing
 17039 | D:12     | Reached skill level 13 in Spellcasting
 17122 | D:12     | Gained mutation: Your movements are less encumbered by armour (ER -4). [demonic ancestry]
 17122 | D:12     | Reached XP level 12. HP: 69/74 MP: 29/29
 17412 | D:11     | Bought a potion of cure mutation for 375 gold pieces
 17695 | D:13     | Noticed Rupert
 17695 | D:13     | Noticed a tengu warrior
 17754 | D:13     | Noticed Snorg
 18274 | D:13     | Reached skill level 14 in Spellcasting
 18473 | D:13     | Identified the Reference Book on Aerial Enchantment
 18498 | D:13     | Killed a tengu warrior
 18634 | D:13     | Killed Snorg
 18768 | D:13     | Killed Rupert
 18768 | D:13     | Reached skill level 15 in Spellcasting
 19193 | D:11     | Bought a potion of cure mutation for 375 gold pieces
 19281 | Orc:1    | Entered Level 1 of the Orcish Mines
 19990 | Orc:1    | Noticed a stone giant
 20005 | Orc:1    | Killed a stone giant
 20023 | Orc:1    | Noticed an orc warlord
 20038 | Orc:1    | Killed an orc warlord
 20038 | Orc:1    | Reached XP level 13. HP: 49/79 MP: 13/32
 20500 | Orc:1    | Noticed an orc warlord
 20544 | Orc:1    | Killed an orc warlord
 20544 | Orc:1    | Reached skill level 16 in Spellcasting
 20549 | Orc:1    | Learned a level 3 spell: Inner Flame
 20831 | Orc:1    | HP: 1/79 [hellwing[an orc high priest] (13)]
 21882 | D:12     | Bought a dazzling hand axe for 216 gold pieces
 21882 | D:12     | Bought an ancient trident for 229 gold pieces
 21883 | D:12     | Identified the +0 trident "Magunun" {vamp, rC+} (You bought it in a shop on level 12 of the Dungeon)
 21886 | D:12     | Identified the cursed +1 hand axe of Slow Death {flame, rF+ Dex+2} (You bought it in a shop on level 12 of the Dungeon)
 21923 | Orc:2    | Entered Level 2 of the Orcish Mines
 21936 | Orc:2    | Noticed an orc warlord
 22110 | Orc:1    | Learned a level 3 spell: Dazzling Spray
 22159 | Orc:2    | Found Yguihes's Food Emporium.
 23430 | Orc:1    | Reached skill level 17 in Spellcasting
 24592 | Orc:2    | Found a staircase to the Elven Halls.
 24610 | Orc:2    | Bought 2 fruits for 36 gold pieces
 24610 | Orc:2    | Bought a fruit for 18 gold pieces
 25110 | Orc:2    | Found Ibres's General Store.
 25170 | Orc:2    | Bought a scroll of silence for 112 gold pieces
 25170 | Orc:2    | Bought a scroll of fear for 52 gold pieces
 25170 | Orc:2    | Bought a cursed ring of teleportation for 67 gold pieces
 25203 | Orc:2    | Found Onugoff's Book Emporium.
 25298 | Orc:2    | Killed an orc warlord
 25555 | Orc:2    | Found Besiczur's Antique Armour Emporium.
 25563 | Orc:2    | Bought a glowing cloak for 148 gold pieces
 25576 | Orc:2    | Bought a translucent scale mail for 297 gold pieces
 25645 | Orc:2    | Found Mollommi's Antique Weapon Shop.
 25715 | Orc:2    | Bought an ancient flail for 238 gold pieces
 25715 | Orc:2    | Bought a polished scimitar for 252 gold pieces
 25728 | Orc:2    | Identified the +2 scale mail of Ezxom {rElec} (You bought it in a shop on level 2 of the Orcish Mines)
 25744 | Orc:2    | Identified the +6 flail of the Warrior-Mage {crush, rF+ Str-3 Stlth+} (You bought it in a shop on level 2 of the Orcish Mines)
 25746 | Orc:2    | Identified the +2 scimitar "Jiroip" {slice, *Confuse rF+ Str+3} (You bought it in a shop on level 2 of the Orcish Mines)
 26148 | Orc:1    | Noticed an ettin
 26165 | Orc:1    | Killed an ettin
 26595 | Lair:1   | Entered Level 1 of the Lair of Beasts
 26707 | Lair:1   | Gained mutation: When low on magic, you restore magic in place of health. [demonic ancestry]
 26707 | Lair:1   | Reached XP level 14. HP: 85/85 MP: 35/35
 26772 | Lair:1   | Reached skill level 18 in Spellcasting
 27803 | Lair:2   | Noticed Nergalle
 27830 | Lair:2   | Killed Nergalle
 28361 | Lair:2   | Got a warped rapier
 28362 | Lair:2   | Identified the cursed +0 rapier "Luddateh" {pierce, rF++ Dex+5} (You found it on level 2 of the Lair of Beasts)
 29222 | Lair:3   | Learned a level 6 spell: Freezing Cloud
 29309 | Lair:3   | Reached skill level 1 in Ice Magic
 30298 | Lair:4   | Slain by a black mamba

Skill      XL: |  1  2  3  4  5  6  7  8  9 10 11 12 13 14 |
---------------+-------------------------------------------+-----
Conjurations   | 2 3 4 5 6 8 10 | 10.7
Spellcasting   | 4 5 6 8 9 10 13 15 17 18 | 18.3
Armour         | 5 |  5.1
Air Magic      | 2 5 |  5.0
Ice Magic      | 3 |  3.3
Dodging        | |  1.7
Stealth        | |  1.7
Summonings     | |  1.0
Translocations | |  0.8

Action                   |  1- 3 |  4- 6 |  7- 9 | 10-12 | 13-15 || total
-------------------------+-------+-------+-------+-------+-------++-------
Melee: Dagger            |     5 |    64 |   113 |       |       ||   182
       Spear             |       |       |    53 |   340 |   433 ||   826
       Flail             |       |       |       |       |     2 ||     2
       Rapier            |       |       |       |       |    11 ||    11
Throw: Javelin           |       |       |    10 |     2 |     9 ||    21
 Cast: Magic Dart        |    54 |   147 |   356 |  1118 |   474 ||  2149
       Repel Missiles    |     2 |       |     1 |     1 |     2 ||     6
       Mephitic Cloud    |       |     4 |    32 |   101 |   116 ||   253
       Blink             |       |     3 |    28 |    40 |    36 ||   107
       Conjure Flame     |       |     2 |    41 |    57 |    15 ||   115
       Lightning Bolt    |       |       |       |     9 |    45 ||    54
       Inner Flame       |       |       |       |       |    71 ||    71
       Dazzling Spray    |       |       |       |       |     6 ||     6
       Apportation       |       |       |       |       |     2 ||     2
Invok: Call Merchant     |       |       |       |     2 |     1 ||     3
Evoke: Wand              |       |       |     5 |    15 |     8 ||    28
  Use: Scroll            |       |     8 |     7 |     8 |    14 ||    37
       Potion            |       |     1 |     3 |     4 |     2 ||    10
 Stab: Confused          |       |       |     4 |    23 |    25 ||    52
       Sleeping          |       |       |     1 |     1 |     1 ||     3
       Distracted        |       |       |     1 |       |     1 ||     2
  Eat: Chunk             |       |    11 |     3 |       |       ||    14
       Fruit             |       |       |     3 |     7 |    12 ||    22
       Pizza             |       |       |     6 |     2 |       ||     8
       Beef jerky        |       |       |     1 |     6 |     1 ||     8
       Bread ration      |       |       |     1 |     2 |     3 ||     6
       Royal jelly       |       |       |       |     3 |     7 ||    10
Armor: Robe              |     2 |    22 |    79 |     5 |       ||   108
       Leather armour    |       |       |       |   166 |   114 ||   280
Dodge: Dodged            |     3 |    70 |   178 |   343 |   270 ||   864
       Deflected         |     1 |     2 |     3 |     9 |     7 ||    22
